[Event "*** Titled Tuesday Blitz"]
[Site "Chess.com"]
[Date "2021.03.02"]
[Round "10"]
[White "CakeinSpace2002"]
[Black "Marty435"]
[Result "0-1"]
[WhiteElo "2421"]
[BlackElo "2545"]
[TimeControl "180+1"]
[EndTime "12:00:00 PST"]
[Termination "Marty435 won by checkmate"]

1. d4 d5 2. c4 c6 3. Nc3 Nf6 4. e3 e6 5. Nf3 Nbd7 6. Bd3 dxc4 7. Bxc4 b5 8. Bb3 Bd6 9. O-O O-O 10. e4 e5 11. d5 b4 12. dxc6 Nc5 13. Nb5 Ncxe4 14.
Nxd6 Qxd6 15. Qxd6 Nxd6 16. Nxe5 Re8 17. f4 Be6 18. Ba4 Nc4 19. b3 Nxe5 20. fxe5 Nd5 21. Bd2 Rec8 22. Rac1 Rab8 23. Rc5 a6 24. Ra5 Nb6 25.
Rc1 Nxa4 26. Rxa4 Rb6 27. c7 Rb7 28. Rxa6 Rbxc7 29. Rxc7 Rxc7 30. Ra8+ Bc8 31. Bxb4 h5 32. Bd6 Rc2 33. b4 Kh7 34. b5 Bb7 35. Ra7 Rxg2+ 36. Kf1 Bd5 37. b6 Rb2 38. Bc5 Bxa2 39. Bd4 Rb1+ 40.
Kf2 Bd5 41. Rd7 Rb5 42. Ke3 Kg6 43. Rd6+ Kf5 44. Kd3 Rb3+ 45. Kc2 Rb5 46. Kc3 Ke4 47. Rd7 Rb3+ 48. Kc2 Kxd4 49. Rxd5+ Kxd5 50. Kxb3 Kc6 51.
Kc4 Kxb6 52. Kd5 Kc7 53. e6 f6 54. h4 g6 55. Kc5 g5 56. Kd5 gxh4 57. Ke4 Kd6 58.
Kf5 Ke7 59. Kf4 Kxe6 60. Kf3 Kf5 61. Kg2 Kg4 62. Kh2 f5 63. Kg1 f4 64. Kh1 f3 65. Kg1 Kg3 66. Kf1 h3 67. Kg1 f2+ 68. Kh1 f1=Q# 0-1

[Event "*** Titled Tuesday Blitz"]
[Site "Chess.com"]
[Date "2021.03.02"]
[Round "10"]
[White "karinachess1"]
[Black "annamaja"]
[Result "1-0"]
[WhiteElo "2519"]
[BlackElo "2386"]
[TimeControl "180+1"]
[EndTime "12:00:00 PST"]
[Termination "karinachess1 won by checkmate"]

1. d4 d5 2. Nf3 Nf6 3. e3 e6 4. Bd3 c5 5. b3 Nc6 6. a3 Bd6 7. Bb2 cxd4 8. exd4 O-O 9. O-O Qc7 10. Re1 Re8 11.
Qe2 Bd7 12. Nbd2 Nh5 13. g3 Nf6 14. Ne5 Re7 15. Ndf3 h6 16. h4 Rc8 17. Kg2 Be8 18. Rad1 Nd7 19. g4 Bxe5 20. dxe5 Nc5 21. g5 Nxd3 22. Rxd3 h5 23. g6 fxg6 24. Ng5 d4 25. Kh2 Qa5 26. f4 Qc5 27. Ne4 Qa5 28. Nd6 Rd8 29.
Rg3 Bf7 30. Reg1 Rxd6 31. exd6 Rd7 32. b4 Qd5 33. c4 Qxd6 34. c5 Qxf4 35. Bc1 Qxh4+ 36.
Rh3 Qf6 37. Bg5 Qe5+ 38. Qxe5 Nxe5 39. Re1 Ng4+ 40. Kg1 d3 41. Rd1 e5 42. Rhxd3 Rxd3 43. Rxd3 e4 44. Rd8+ Kh7 45. Rd7 Bc4 46. Re7 Bd3 47.
Rxb7 a6 48. Re7 Bb5 49. Rxe4 Nf6 50. Bxf6 gxf6 51. Re7+ Kh6 52. Re6 h4 53. c6 Kg5 54.
c7 Bd7 55. Rd6 Bc8 56. Rd8 Bf5 57. c8=Q Bxc8 58. Rxc8 Kg4 59. Rc4+ Kg3 60. Rc3+ Kg4 61. a4 f5 62. b5 axb5 63. axb5 f4 64. b6 f3 65. Kf2 h3 66. Rxf3 h2 67. Rg3+ Kh4 68.
Kg2 h1=Q+ 69. Kxh1 Kxg3 70. b7 g5 71. b8=Q+ Kh3 72. Kg1 g4 73. Qh2# 1-0

[Event "*** Titled Tuesday Blitz"]
[Site "Chess.com"]
[Date "2021.03.02"]
[Round "10"]
[White "mbachez"]
[Black "Schachspielerr"]
[Result "0-1"]
[WhiteElo "2479"]
[BlackElo "2683"]
[TimeControl "180+1"]
[EndTime "12:00:01 PST"]
[Termination "Schachspielerr won on time"]

1. e4 c6 2. d4 d5 3. e5 Bf5 4. Nf3 e6 5. Be2 Ne7 6. O-O Nd7 7. Nbd2 Bg6 8. Nb3 Nf5 9. Bd2 Be7 10. c4 O-O 11. Ba5 Qe8 12. Rc1 Rc8 13. Bd2 dxc4 14. Na5 b5 15. b3 cxb3 16. Qxb3 Nb6 17. Nxc6 Rxc6 18. Bxb5 Rxc1 19. Bxe8 Rxf1+ 20. Kxf1 Rxe8 21. a4 Bh5 22. a5 Nd5 23. Qb7 Bxf3 24. gxf3 Nxd4 25.
Qxa7 Nxf3 26. Be3 Nxe5 27. a6 Nb4 28. Bc5 Bxc5 29. Qxc5 Nxa6 30. Qxe5 Nb8 31. Qc7 Rf8 32. Qb7 g6 33. Ke2 Kg7 34. Ke3 Kf6 35. h4 Re8 36. f4 Rd8 37. Qb2+ Ke7 38. Qb4+ Ke8 39. Qc3 h5 40. Ke4 Nd7 41. Qc6 Rb8 42. f5 exf5+ 43.
Kf4 Rb6 44. Qc8+ Ke7 45. Kg5 Re6 46. Qc3 Ne5 47. Kh6 Kf6 48. Qd4 Ke7 49. Kg7 Nd7 50. Qb4+ Rd6 51. Kg8 Ne5 52. Kg7 Ke6 53. Qb3+ Rd5 54.
Qe3 f4 55. Qxf4 Rd7 56. Qf6+ Kd5 57. Qf1 Ke4 58. Kf6 Ng4+ 59. Kg5 Rd5+ 0-1

[Event "*** Titled Tuesday Blitz"]
[Site "Chess.com"]
[Date "2021.03.02"]
[Round "10"]
[White "NiranjanNavalgund"]
[Black "AttackSparrow"]
[Result "1-0"]
[WhiteElo "2447"]
[BlackElo "2527"]
[TimeControl "180+1"]
[EndTime "12:00:05 PST"]
[Termination "NiranjanNavalgund won on time"]

1. e4 c5 2. Nf3 e6 3. d4 cxd4 4.
Nxd4 Nc6 5. Nc3 Qc7 6. Be2 a6 7. O-O Nf6 8. Be3 Be7 9. Kh1 O-O 10. f4 d6 11. Qe1 Nxd4 12. Bxd4 b5 13. a3 Bb7 14.
Bf3 e5 15. fxe5 dxe5 16. Qg3 Bd6 17. Be3 Rfe8 18. Rad1 Rad8 19. Bg5 Be7 20. Bh6 g6 21. Be3 Rxd1 22. Rxd1 Rd8 23. Rxd8+ Bxd8 24. Qe1 Be7 25. Qd2 Qd6 26. Qxd6 Bxd6 27. Kg1 Nd7 28. Kf2 Bc5 29. b4 Bxe3+ 30. Kxe3 Nb6 31. Be2 Kf8 32. Nd1 f5 33. exf5 gxf5 34. g3 Ke7 35. Nb2 Bd5 36. Nd3 Nc4+ 37.
Kf2 Kd6 38. Nc5 Nxa3 39. Nxa6 Bc6 40. c3 e4 41. Ke3 Ke5 42. Nc7 h6 43. Bf1 Nb1 44. c4 bxc4 45. Bxc4 Nc3 46. Kd2 Na4 47. b5 Bb7 48. Ke3 Nb6 49. Bb3 Kd6 50. Ne8+ Ke5 51. Nc7 Nd7 52. Ba2 Nf6 53. h3 Kd6 54. Na6 Ke5 55. Nc5 Bd5 56. b6 h5 57. b7 Bxb7 58. Nxb7 h4 59. gxh4 f4+ 60. Ke2 Nh5 61. Nc5 Ng3+ 62.
Kf2 e3+ 63. Kf3 Nf5 64. Nd3+ Kf6 65. h5 Kg5 66. Nxf4 e2 67. Nxe2 Kxh5 68. Be6 Ng7 69. Bg4+ Kg5 70. Kg3 Kh6 71. Kf4 Ne8 72. Ke5 Ng7 73.
Nc3 1-0

[Event "*** Titled Tuesday Blitz"]
[Site "Chess.com"]
[Date "2021.03.02"]
[Round "10"]
[White "13MiRacLe"]
[Black "CSB7"]
[Result "1-0"]
[WhiteElo "2734"]
[BlackElo "2581"]
[TimeControl "180+1"]
[EndTime "12:00:10 PST"]
[Termination "13MiRacLe won on time"]

1. e4 e6 2. d4 d5 3. Nc3 Nf6 4. e5 Nfd7 5. Nce2 c5 6. c3 Nc6 7. Nf3 Be7 8. a3 O-O 9. Nf4 a5 10. Bd3 a4 11. h4 h6 12. Rh3 cxd4 13. cxd4 Qb6 14. Rg3 Kh8 15. Be3 Qxb2 16. Nh5 Rg8 17. Kf1 b6 18. Kg1 Ba6 19. Rb1 Qa2 20. Bxa6 Rxa6 21.
Ng5 Nd8 22. Rc1 Bxa3 23. Rc2 Qb3 24. Bd2 hxg5 25. Rxb3 axb3 26. Nf4 Rf8 27. Rc7 gxf4 28. Qxb3 Nb8 29. Bxf4 Kg8 30. h5 Nbc6 31. h6 Be7 32. hxg7 Kxg7 33. Qg3+ Kh7 34. Qh3+ Kg8 35. Qg4+ Kh7 36.
Qh5+ Kg7 37. Bh6+ Kg8 38. Bxf8 Bxf8 39. Qg5+ Bg7 40. Rc8 Ra1+ 41. Kh2 Ra4 42. Rxd8+ Nxd8 43. Qxd8+ Kh7 44. Qxb6 Kg6 45. Qb2 Rc4 46. Qd2 Bh6 47. Qd3+ Kg7 48. g3 Bc1 49. Qd1 Bb2 50. Qg4+ Kf8 51.
Qg5 Bxd4 52. Qd8+ Kg7 53. Qf6+ Kf8 54. Kh3 Ke8 55. f4 Rc3 56. Qh8+ Ke7 57. Qf6+ Ke8 58. Qh8+ Ke7 59. Qh4+ Kd7 60. Qh7 Ke8 61. Kg2 Bc5 62. f5 exf5 63. Qxf5 Be7 64. Qh5 Re3 65. Kf2 Re4 66.
Qf5 Kf8 67. Qc8+ Kg7 68. Qf5 Kf8 69. Kf3 Ke8 70. Qc8+ Bd8 71. Qc6+ Kf8 72. Qxd5 1-0

[Event "*** Titled Tuesday Blitz"]
[Site "Chess.com"]
[Date "2021.03.02"]
[Round "10"]
[White "fridaywins"]
[Black "Walter_White_Poland"]
[Result "0-1"]
[WhiteElo "2140"]
[BlackElo "2289"]
[TimeControl "180+1"]
[EndTime "12:00:12 PST"]
[Termination "Walter_White_Poland won by resignation"]

1. e4 e5 2. Nf3 Nc6 3. Bb5 a6 4. Ba4 Nf6 5. O-O b5 6. Bb3 Be7 7. Re1 d6 8. c3 O-O 9. h3 Na5 10. Bc2 c5 11. d4 Nd7 12. Nbd2 exd4 13. cxd4 Nc6 14. d5 Nce5 15. a4 Rb8 16. Nxe5 Nxe5 17.
f4 Ng6 18. Nf3 Bh4 19. Rf1 Bg3 20. Ng5 Bxf4 21. Bxf4 Nxf4 22. Nxh7 Nxh3+ 23. gxh3 Kxh7 24. e5+ g6 25. e6 Qg5+ 26. Qg4 Qxg4+ 27. hxg4 f6 28.
e7 Re8 29. Rxf6 Rxe7 30. Kf2 Kg7 31. Rxg6+ Kf8 32. g5 Rf7+ 33. Kg3 Bf5 34. Bxf5 Rxf5 35. Rxd6 bxa4 36. Kg4 Rf2 37. Rh1 Rbxb2 38. Kh5 Rh2+ 39.
Rxh2 Rxh2+ 40. Kg6 a3 41. Rxa6 a2 42. d6 Ke8 43. Ra8+ Kd7 44. Kf7 Kxd6 45. g6 Kd5 46. g7 Rf2+ 47. Ke7 Rg2 48. Rxa2 Rxg7+ 49. Kf6 Rd7 50.
Rd2+ Kc6 51. Rc2 Rd5 52. Ke6 Rh5 53. Rc1 Rg5 54. Kf6 Rh5 55. Ke6 Rh3 56. Kf6 Re3 57. Kf5 Kd5 58. Kf4 Re6 59. Rd1+ Kc4 60. Kf5 Re8 61. Rc1+ Kb5 62. Kf4 Kc6 63. Kf3 Kb6 64. Kf4 Kb5 65. Kf3 c4 66. Kf4 Kc5 67.
Rb1 Kd4 68. Rb7 c3 69. Rd7+ Kc4 70. Rc7+ Kb3 71. Rb7+ Kc2 72. Kf3 Kd2 73. Rd7+ Kc1 74. Rc7 c2 75. Kf2 Re4 76. Kf1 Kd2 77. Rd7+ Kc3 78.
Rc7+ Rc4 79. Rd7 c1=Q+ 80. Ke2 Qf4 0-1

[Event "*** Titled Tuesday Blitz"]
[Site "Chess.com"]
[Date "2021.03.02"]
[Round "10"]
[White "Vallek86"]
[Black "BigAl"]
[Result "0-1"]
[WhiteElo "2388"]
[BlackElo "2526"]
[TimeControl "180+1"]
[EndTime "12:00:15 PST"]
[Termination "BigAl won on time"]

1. d4 Nf6 2. Bg5 Ne4 3. Bh4 d5 4. f3 Nf6 5. Nc3 e6 6. e4 Be7 7. e5 Nfd7 8. Bf2 c5 9. f4 cxd4 10. Qxd4 Nc6 11. Qd2 a6 12. Nf3 b5 13. Bd3 g6 14.
O-O Bb7 15. a4 b4 16. Ne2 Nc5 17. Ned4 Ne4 18. Qe2 O-O 19. Nxc6 Bxc6 20. Bd4 a5 21. b3 Bb7 22. g4 Kh8 23. Rad1 Qc8 24. Qe3 Bc5 25.
Bxe4 Bxd4 26. Rxd4 dxe4 27. Ng5 h6 28. Nxe4 Qxc2 29.
f5 g5 30. Qh3 Kg7 31. f6+ Kh7 32. Nxg5+ Kg8 33. Nf3 Bxf3 34. Qxf3 Rac8 35. Qf4 Qg6 36. Rc4 Rxc4 37. Qxc4 Rd8 38. h3 Kh7 39. Re1 Rd2 40. Qe4 Qxe4 41. Rxe4 Rd3 42. Rc4 Rxh3 43. Rc5 Rxb3 44.
Kf2 Rb2+ 45. Kf3 Kg6 46. Rxa5 Rb3+ 47. Kf4 Rb1 48. Rb5 Rf1+ 49. Kg3 Re1 50. Rxb4 Rxe5 51. Rb5 Re4 52. a5 Ra4 53. Kh4 Kxf6 54. Rh5 Kg6 55.
Rb5 Rd4 56. Kg3 f6 57. Rb6 e5 58. a6 Ra4 59. Kf3 Kg5 60. Re6 Ra3+ 61. Ke4 Ra4+ 62. Kd5 Rxg4 63. a7 Ra4 64. Re7 h5 65. Kc5 f5 66.
Kb6 e4 67. Kb7 Kf4 68. Re6 Rxa7+ 69. Kxa7 Kf3 70. Kb6 e3 71. Kc5 f4 72. Kd4 h4 73.
Kd3 h3 0-1

[Event "*** Titled Tuesday Blitz"]
[Site "Chess.com"]
[Date "2021.03.02"]
[Round "10"]
[White "anon481216"]
[Black "Andrakhanova"]
[Result "1-0"]
[WhiteElo "2494"]
[BlackElo "2292"]
[TimeControl "180+1"]
[EndTime "12:00:20 PST"]
[Termination "anon481216 won by resignation"]

1. d4 d5 2. c4 e6 3. Nf3 c6 4. Qc2 Nf6 5. Nbd2 Nbd7 6. g3 Bd6 7. Bg2 O-O 8. O-O Re8 9. e4 dxe4 10. Nxe4 Nxe4 11. Qxe4 e5 12. Re1 Nf6 13. Qh4 exd4 14. Rxe8+ Qxe8 15. Bg5 Ne4 16. Re1 f5 17. Nxd4 h6 18. Bc1 Bb4 19. Rd1 Be6 20. a3 Bc5 21. b4 Be7 22. Qf4 Bg5 23. Qe5 Bf6 24. Qxe6+ Qxe6 25. Nxe6 Re8 26. Nf4 Nc3 27. Rf1 g5 28. Nd3 Re2 29.
Re1 Rc2 30. Bb2 Bd4 31. Bxc3 Rxc3 32. Nc5 Rxa3 33. Rd1 Bxc5 34. bxc5 Rc3 35. Rd8+ Kf7 36. Rd7+ Kf6 37. Rxb7 Rxc4 38. Rxa7 Rxc5 39. h3 Rc1+ 40. Kh2 c5 41. Ra6+ Kg7 42. Bd5 c4 43. Rc6 c3 44.
Kg2 h5 45. h4 gxh4 46. gxh4 Rd1 47. Bf3 Rc1 48. Bxh5 c2 49. Bf3 Kf7 50. h5 Ke7 51.
Rc3 Kf6 52. h6 Kg6 53. Rc6+ Kh7 54. Be2 Re1 55. Rxc2 Kxh6 56. Kf3 Kg5 57. Rc5 Ra1 58.
Bd3 Ra3 59. Rxf5+ Kh6 60. Rd5 Kg7 61. Kf4 Ra4+ 62. Be4 Kf7 63. f3 Ra1 64. Kf5 Re1 65. f4 Rf1 66. Ra5 Rc1 67. Ke5 Rc4 68. f5 Rc1 69.
Ra7+ Kf8 70. Kf6 Ke8 71. Ra8+ Kd7 72. Kf7 Re1 73. Bd5 Rd1 74. Be6+ Kc7 75. Rc8+ Kb7 76. Rc3 Re1 77. Ke7 Rf1 78. f6 Rf2 79. f7 1-0

[Event "*** Titled Tuesday Blitz"]
[Site "Chess.com"]
[Date "2021.03.02"]
[Round "10"]
[White "fearless_guy"]
[Black "mishanick"]
[Result "1/2-1/2"]
[WhiteElo "2850"]
[BlackElo "3027"]
[TimeControl "180+1"]
[EndTime "12:00:23 PST"]
[Termination "Game drawn by repetition"]

1. e4 c5 2. Nc3 d6 3. d4 cxd4 4. Qxd4 Nc6 5. Qe3 g6 6. Bd2 Bg7 7. O-O-O Nf6 8. f4 Be6 9. Nf3 Ng4 10. Qe1 Qb6 11. h3 Nf6 12. Ng5 Rc8 13. Nxe6 fxe6 14. Bc4 Nd4 15. Bb3 Nd7 16. Ba4 Nc6 17. e5 Nc5 18. Be3 O-O 19. Kb1 dxe5 20. fxe5 Nxe5 21.
Bb3 Qb4 22. Rd4 Qa5 23. Ne4 Qxe1+ 24. Rxe1 Nxb3 25. axb3 b6 26. Ng5 Nf7 27. Re4 Nxg5 28. Bxg5 Rf2 29. R1e2 Rxe2 30. Rxe2 Kf7 31. c3 e5 32. Kc2 Ke6 33. Kd3 Bf6 34. Be3 Rc6 35.
b4 a6 36. Rf2 b5 37. Rf1 Kd5 38. Ra1 e4+ 39. Kc2 Ke6 40. Rd1 Rd6 41. Ra1 h5 42. g4 hxg4 43. hxg4 Be5 44. Rd1 Rxd1 45. Kxd1 Kd5 46. Kc2 Bg3 47. b3 Be1 48. Kb2 e5 49. Kc2 Ke6 50. Kb2 Kf6 51. Kc2 Bg3 52. Kd2 Bf4 53. c4 Kg5 54. c5 Kf6 55. Ke2 Ke6 56. Kd2 Kd5 57. Ke2 Bg3 58. Bf2 Bh2 59. Be3 Bf4 60.
Kf2 Kc6 61. Ke2 Kd5 62. Kf2 Bh2 63. Ke2 Kc6 64. Kf2 Kb7 65. Ke2 Bf4 66. Kf2 Kc7 67.
Ke2 Kc6 68. Kf2 Bh2 69. Ke2 Kd5 70. Kf2 Bf4 71. Ke2 Bg3 72. Bf2 Bf4 73. Be3 1/2-1/2

[Event "*** Titled Tuesday Blitz"]
[Site "Chess.com"]
[Date "2021.03.02"]
[Round "10"]
[White "Hangar-18"]
[Black "hellokostya"]
[Result "0-1"]
[WhiteElo "2367"]
[BlackElo "2549"]
[TimeControl "180+1"]
[EndTime "12:00:40 PST"]
[Termination "hellokostya won by resignation"]

1. c4 g6 2. Nc3 Bg7 3. e4 d6 4. g3 Nf6 5. Bg2 O-O 6. Nge2 e5 7.
O-O c5 8. d3 Nc6 9. h3 Ne8 10.
f4 Nc7 11. f5 Rb8 12. a4 Nd4 13. Nxd4 cxd4 14. Ne2 a6 15. b4 b5 16. cxb5 axb5 17.
a5 d5 18. g4 Bf6 19. Qe1 Bg5 20. Qg3 dxe4 21. Bxe4 Bb7 22. Bxb7 Rxb7 23. f6 Bxf6 24. Qf3 Nd5 25. Bh6 Re8 26. a6 Ra7 27. Ng3 Nf4 28. Bxf4 exf4 29. Qxf4 Be5 30. Qf3 Qg5 31. Ne4 Qe3+ 32. Kg2 Rea8 33. Qxe3 dxe3 34. Rae1 Bd4 35. Nd6 Rxa6 36. Nxf7 Ra2+ 37. Kg3 Rf2 38. Nh6+ Kg7 39. g5 Raf8 40. Rxf2 Be5+ 41. Kg4 exf2 42. Rf1 Bc7 43. h4 Bb8 44. Kh3 Rf3+ 45. Kg2 Rg3+ 46.
Kxf2 Rxd3 47. Ke2 Rd7 48. Rf3 Bd6 49. Rb3 Re7+ 50. Kf3 Re1 51. Rb2 Rf1+ 52. Kg2 Rf4 53. Rd2 Bxb4 54. Rd7+ Kf8 55. Kg3 Rc4 56. Rxh7 Bd6+ 57.
Kf3 Rxh4 58. Rf7+ Ke8 59. Rb7 b4 60. Ke3 b3 61. Kd3 Rh3+ 62. Kc4 Bf4 63. Rxb3 Rxb3 64.
Kxb3 Bxg5 65. Ng4 Ke7 66. Kc4 Ke6 67. Kd4 Kf5 68. Nf2 Kf4 69. Kd3 Bf6 70. Ne4 Be5 71. Nf2 Kf3 72. Ne4 Bf4 73. Kd4 Kg4 74. Kd5 Kf5 75. Nf2 g5 76. Kd4 Bg3 77. Ke3 Bxf2+ 78. Kxf2 Kf4 79. Kg2 Kg4 80. Kf2 Kh3 81. Kg1 Kg3 82. Kh1 Kf2 83. Kh2 g4 84. Kh1 Kf3 85. Kh2 Kf2 86. Kh1 Kg3 87. Kg1 Kh3 88. Kh1 g3 89.
Kg1 g2 90. Kf2 Kh2 91. Kf3 g1=Q 0-1

[Event "*** Titled Tuesday Blitz"]
[Site "Chess.com"]
[Date "2021.03.02"]
[Round "10"]
[White "Angel_Hranitel_37"]
[Black "zimmm36"]
[Result "0-1"]
[WhiteElo "2489"]
[BlackElo "2365"]
[TimeControl "180+1"]
[EndTime "12:00:43 PST"]
[Termination "zimmm36 won by checkmate"]

1. c4 e5 2. g3 Nf6 3. Bg2 d5 4. cxd5 Nxd5 5. Nc3 Be6 6. d4 exd4 7. Qxd4 Nc6 8. Qa4 Bb4 9. Bd2 O-O 10. O-O-O Nb6 11.
Qc2 Qe7 12. Be4 g6 13. Nf3 Nc4 14. h4 Nxd2 15. Rxd2 Rfd8 16. Rxd8+ Rxd8 17. h5 Qf6 18. hxg6 hxg6 19. Rh6 Bf8 20. Rh4 Bg7 21. Rf4 Qe7 22.
Rh4 Nb4 23. Qa4 Qc5 24. Qb5 Nxa2+ 25. Kc2 Nb4+ 26. Kc1 Na2+ 27. Kc2 Qxf2 28. Qg5 Nb4+ 29. Kb1 Qf1+ 30. Qc1 Ba2+ 31. Nxa2 Rd1 32. Nd2 Rxc1+ 33. Nxc1 Qf6 34. Nc4 b5 35. Rf4 Qd4 36. Bd3 Qd7 37.
Ne3 Nxd3 38. Nxd3 Qd6 39. Re4 c5 40. Ng4 c4 41. Nf4 Qd1+ 42. Ka2 Kh7 43. Re3 b4 44.
Nh3 b3+ 45. Ka3 Qd6+ 46. Ka4 Qa6+ 47. Kb4 Bf8+ 48. Kc3 Qa5+ 49. Kxc4 Qb4+ 50. Kd3 Qxg4 51. Nf2 Qd7+ 52. Ke4 Qe6+ 53. Kf3 Qf6+ 54. Kg2 Qxb2 55. Rf3 Qg7 56. Nd3 f5 57. Rf1 b2 58. Rb1 a5 59.
Rxb2 a4 60. Rb1 a3 61. Rh1+ Kg8 62. Nf4 a2 63. Ne6 a1=Q 64. Nxg7 Qxg7 65. Rf1 Qe7 66. Kf2 Kf7 67. Kg2 Kf6 68. Rf3 Qe4 69. Kf2 Bd6 70.
g4 Qxg4 71. Rd3 Qe4 72. Rxd6+ Kg7 73. Rd3 Kh6 74. Rf3 Kg5 75. Rg3+ Kf6 76. Rf3 g5 77.
Re3 g4 78. Rxe4 fxe4 79. Ke3 Ke5 80. Kf2 Kf4 81. e3+ Kf5 82. Kg3 Kg5 83. Kg2 Kh4 84. Kg1 g3 85. Kg2 Kg4 86. Kf1 Kf3 87. Kg1 Kxe3 88. Kg2 Kd2 89. Kxg3 e3 90. Kf3 e2 91. Kg2 e1=Q 92. Kh2 Qe2+ 93. Kh3 Ke3 94. Kg3 Qf2+ 95. Kh3 Qg1 96. Kh4 Kf4 97. Kh5 Qg5# 0-1

[Event "*** Titled Tuesday Blitz"]
[Site "Chess.com"]
[Date "2021.03.02"]
[Round "10"]
[White "MrChampion_Coach"]
[Black "Vuk2000"]
[Result "1/2-1/2"]
[WhiteElo "2497"]
[BlackElo "2654"]
[TimeControl "180+1"]
[EndTime "12:01:07 PST"]
[Termination "Game drawn by repetition"]

1. d4 Nf6 2. c4 c5 3. d5 b5 4. cxb5 a6 5. bxa6 Bxa6 6. Nc3 g6 7.
e4 Bxf1 8. Kxf1 d6 9. g3 Bg7 10. Kg2 O-O 11. Nf3 Nbd7 12. Qe2 Qa5 13. Bd2 Rfb8 14. b3 Qa6 15. Rhe1 Ng4 16. h3 Nge5 17.
Nxe5 Nxe5 18. Qxa6 Rxa6 19. Rad1 Nd3 20. Re2 Bd4 21. Be3 Nxf2 22. Bxd4 cxd4 23. Rxd4 Rc8 24. Na4 Nxh3 25. Kxh3 Kg7 26. Rdd2 Ra7 27. Rc2 Rb8 28. Rc6 Rb4 29. Nc3 Rab7 30. e5 dxe5 31. Rxe5 Rd4 32. Rc4 Rd3 33. Ne4 Ra7 34. a4 Rxb3 35. Nc5 Ra3 36.
Rce4 Kf6 37. Re2 Ra2 38. R5e3 Ra1 39. Ne4+ Kg7 40. Nc3 Kf8 41. Rd3 Ra3 42. Red2 Rd7 43. Rc2 Rc7 44. Re3 Rxa4 45. Kg2 Rac4 46. Kf2 R4c5 47. Ke2 Rxd5 48. Nxd5 Rxc2+ 49. Kf3 Rc5 50. Rd3 h6 51. Ne3 Kg7 52. Rd7 Re5 53. Ra7 h5 54. Ra4 g5 55. Re4 Rxe4 56. Kxe4 e6 57. Ke5 Kg6 58. Ng2 Kg7 59. Ne3 Kg6 60. Ng2 g4 61. Kf4 f6 62. Ke4 Kg5 63. Nf4 e5 64. Ng2 Kh6 65. Kf5 Kg7 66. Nh4 Kf7 67. Ng2 Ke7 68.
Kg6 Ke6 69. Kxh5 f5 70. Kg5 f4 71. Nxf4+ exf4 72. Kxf4 Kf6 73. Kxg4 Kg6 74. Kf4 Kf6 75. Kg4 Kg6 76. Kh4 Kh6 77. g4 Kg6 78. Kh3 Kg5 79. Kg3 Kg6 80. Kf4 Kf6 81. Ke3 Kg5 82. Kf3 Kg6 83.
Kg2 Kg5 84. Kh3 Kg6 85. Kh4 Kh6 86. g5+ Kg6 87. Kg4 Kg7 88. Kf3 Kg6 89. Kf4 Kg7 90. Ke5 Kg6 91. Kf4 Kg7 92. Kf5 Kf7 93. Kg4 Kg7 94.
Kh5 Kh7 95. Kh4 Kg6 96. Kg4 Kg7 1/2-1/2

[Event "*** Titled Tuesday Blitz"]
[Site "Chess.com"]
[Date "2021.03.02"]
[Round "10"]
[White "Grimlock_Glasgow"]
[Black "TST2014"]
[Result "1/2-1/2"]
[WhiteElo "2500"]
[BlackElo "2632"]
[TimeControl "180+1"]
[EndTime "12:01:16 PST"]
[Termination "Game drawn by 50-move rule"]

1. e4 c5 2. Nc3 Nc6 3. Bb5 Nd4 4. Nf3 a6 5. Bd3 Nc6 6. O-O g6 7. e5 Bg7 8. Re1 Nh6 9. Be4 Ng4 10. Bxc6 dxc6 11.
h3 Nh6 12. Ne4 b6 13. Nf6+ Kf8 14. Ne4 Nf5 15. d3 h6 16. Bf4 Nd4 17. Nxd4 Qxd4 18. Qd2 g5 19. Bg3 Bxe5 20. c3 Qd5 21. Bxe5 Qxe5 22.
d4 cxd4 23. cxd4 Qd5 24. Nc3 Qd6 25. d5 cxd5 26. Nxd5 Be6 27. Qc3 Kg8 28. Nc7 Rc8 29.
Rac1 h5 30. Red1 Qf4 31. g3 Qf6 32. Qxf6 exf6 33. Nxe6 Rxc1 34. Rxc1 fxe6 35. Rc7 Rh7 36. Rc6 Rb7 37. Rxe6 Kf7 38. Rc6 a5 39. Kf1 a4 40.
a3 b5 41. Ke2 g4 42. hxg4 hxg4 43. Ke3 Kg6 44. Kf4 b4 45. Kxg4 bxa3 46. bxa3 Rb3 47. Ra6 Rxa3 48. f4 Ra1 49. Kh4 a3 50. Kh3 a2 51.
Kh2 Kf5 52. Kg2 Kg4 53. Ra3 Kf5 54. Ra4 Kg4 55. Ra3 Kf5 56. Ra4 Ke6 57. Ra5 f5 58. Kh2 Kd6 59. Kg2 Kc6 60. Kh2 Kb6 61. Ra8 Kb5 62. Rb8+ Kc4 63. Ra8 Kb3 64. Rb8+ Kc3 65.
Rc8+ Kd3 66. Ra8 Ke3 67. Kg2 Ke2 68. Re8+ Kd3 69. Ra8 Kc4 70. Rc8+ Kb3 71. Rb8+ Kc4 72. Rc8+ Kb5 73. Rb8+ Kc6 74. Ra8 Kb7 75. Ra3 Kc7 76. Ra4 Kd7 77. Ra3 Ke7 78. Ra4 Kf6 79. Ra6+ Kg7 80.
Ra7+ Kh6 81. Ra6+ Kh5 82. Ra5 Kg4 83. Ra8 Kh5 84. Rh8+ Kg6 85. Rg8+ Kf7 86. Ra8 Ke6 87. Ra5 Kd6 88. Ra6+ Kc5 89. Ra8 Kb4 90. Rb8+ Kc3 91.
Rc8+ Kd4 92. Rd8+ Ke3 93. Re8+ Kd2 94. Rd8+ Kc1 95. Rc8+ Kb1 96. Rb8+ Kc2 97. Rc8+ Kb3 98. Rb8+ Ka4 99. Ra8+ Kb5 100. Rb8+ Kc6 101. Ra8 Kb7 102. Ra5 Kb8 103. Ra3 Kc7 104. Ra4 Kd7 105. Ra3 Ke8 106. Ra7 Kf8 107. Ra6 Kg7 1/2-1/2

[Event "*** Titled Tuesday Blitz"]
[Site "Chess.com"]
[Date "2021.03.02"]
[Round "10"]
[White "skoularikii"]
[Black "FlySooHigh"]
[Result "1-0"]
[WhiteElo "2560"]
[BlackElo "2684"]
[TimeControl "180+1"]
[EndTime "12:01:45 PST"]
[Termination "skoularikii won on time"]

1. e4 c5 2. Nf3 d6 3. Bb5+ Nd7 4. c3 a6 5. Ba4 b5 6. Bc2 Ngf6 7. O-O Bb7 8. Qe2 e5 9. d4 Be7 10. Rd1 Qc7 11. d5 O-O 12. a4 c4 13. Na3 Qa5 14. Bg5 Nc5 15. axb5 axb5 16. Rab1 Ba6 17. Qe3 b4 18.
cxb4 Qxb4 19. Bxf6 Bxf6 20. Nd2 Rfc8 21. Qc3 Rab8 22. Naxc4 Bxc4 23. Nxc4 Nxe4 24. Qxb4 Rxb4 25. Bxe4 Rcxc4 26. Bd3 Rc5 27. Be2 Bd8 28. b3 g6 29. Bc4 Bb6 30. Ra1 Rc7 31. Ra6 Bc5 32.
Rda1 Rbb7 33. Ra8+ Kg7 34. R1a6 e4 35. g3 f5 36. Rc6 Kf6 37. Rf8+ Ke5 38. Re8+ Kd4 39. Kg2 Kc3 40. h4 Ra7 41. Rxc7 Rxc7 42. Ra8 Re7 43. Ra2 h6 44. Kf1 g5 45. hxg5 hxg5 46. Kg2 Rh7 47. Ra1 f4 48. Re1 Kd4 49. g4 Ke5 50. f3 Be3 51. Ra1 exf3+ 52. Kxf3 Rh3+ 53. Ke2 Rh2+ 54. Kd3 Rd2+ 55. Kc3 Rg2 56. Ra8 Rxg4 57. Re8+ Kf6 58.
Bd3 Bc5 59. Re6+ Kf7 60. Kc4 f3+ 61. Kc3 Bb4+ 62. Kc2 Rf4 63. Bf1 g4 64. Kd3 Bc5 65. Re4 Rf5 66. Rxg4 Rxd5+ 67. Ke4 Rd1 68. Bc4+ Kf6 69. Kxf3 Ke5 70. Re4+ Kf6 71. Re6+ Kg7 72. Ke4 Rd4+ 73. Kf5 Rh4 74. Re7+ Kf8 75. Rf7+ Ke8 76. Rb7 Kd8 77. Ke6 Kc8 78. Rg7 Rh6+ 79. Kd5 Kb8 80. Kc6 Rh8 81. Rb7+ Kc8 82. Be6+ Kd8 83. Rb8+ Ke7 84. Rxh8 Kxe6 85. Rh5 Ba3 86. Ra5 Bb4 87.
Rb5 Ba3 88. Ra5 Bb4 89. Ra4 Bc5 90. Rc4 Ba3 91. Rc2 Ke5 92. Kb5 Kd4 93. Ka4 Bc5 94.
Rc4+ Kd5 95. Kb5 Be3 96. b4 Ke5 97. Rc8 d5 98. Re8+ Kd4 99. Kc6 Bf4 100. b5 Kc4 101. Rf8 Be5 102. b6 d4 103. Rf5 Bg3 104. Rc5+ Kb4 105. b7 d3 106. Rg5 Bh2 107. Rg2 Be5 108. Kd5 Bb8 109.
Ke4 1-0

[Event "*** Titled Tuesday Blitz"]
[Site "Chess.com"]
[Date "2021.03.02"]
[Round "11"]
[White "GigaQuparadze"]
[Black "Gahan-MG"]
[Result "1-0"]
[WhiteElo "2949"]
[BlackElo "2654"]
[TimeControl "180+1"]
[EndTime "12:04:28 PST"]
[Termination "GigaQuparadze won by resignation"]

1. e4 c5 2. Ne2 d6 3. g3 Nf6 4. Bg2 g6 5. c3 Bg7 6. d4 cxd4 7. cxd4 O-O 8. Nbc3 h5 9. h3 Nc6 10. Be3 e6 11. Qd2 Na5 12. b3 d5 13. e5 Ne8 14.
g4 hxg4 15. hxg4 f5 16. Nf4 Kf7 17. gxf5 gxf5 18. Ncxd5 exd5 19. Bxd5+ Ke7 20. Qb4+ Kd7 21. e6+ Kc7 22. e7 Qd6 23. Qxa5+ b6 24. Qc3+ 1-0

[Event "*** Titled Tuesday Blitz"]
[Site "Chess.com"]
[Date "2021.03.02"]
[Round "11"]
[White "Konavets"]
[Black "elohunter1999"]
[Result "1-0"]
[WhiteElo "2932"]
[BlackElo "2650"]
[TimeControl "180+1"]
[EndTime "12:04:42 PST"]
[Termination "Konavets won by resignation"]

1. d4 Nf6 2. c4 e6 3. Nf3 Bb4+ 4. Bd2 Qe7 5. e3 b6 6. Bd3 Bb7 7. O-O Bxd2 8. Nbxd2 d6 9. e4 e5 10. d5 a5 11. Re1 Na6 12. Nf1 Nc5 13. b3 Bc8 14. Bc2 Bg4 15. h3 Bd7 16. a3 O-O 17. b4 axb4 18.
axb4 Nb7 19. Ng3 g6 20. Qd2 Ne8 21. Rxa8 1-0

[Event "*** Titled Tuesday Blitz"]
[Site "Chess.com"]
[Date "2021.03.02"]
[Round "11"]
[White "Julianos82"]
[Black "lagedema"]
[Result "1-0"]
[WhiteElo "2374"]
[BlackElo "2492"]
[TimeControl "180+1"]
[EndTime "12:04:54 PST"]
[Termination "Julianos82 won by resignation"]

1. d4 c6 2. Nf3 d5 3. Bg5 Qb6 4. Nbd2 Bg4 5. e3 Nd7 6. Bd3 e5 7.
dxe5 Nxe5 8. Be2 Nxf3+ 9. Nxf3 Qxb2 10. O-O Qb6 11. c4 dxc4 12. Rb1 Qc7 13. Qd4 Bxf3 14. Bxf3 Ne7 15. Bf4 Qd7 16. Qxc4 Ng6 1-0

[Event "*** Titled Tuesday Blitz"]
[Site "Chess.com"]
[Date "2021.03.02"]
[Round "11"]
[White "Eloist"]
[Black "PawnEatingZombie"]
[Result "1-0"]
[WhiteElo "2331"]
[BlackElo "2208"]
[TimeControl "180+1"]
[EndTime "12:05:12 PST"]
[Termination "Eloist won by resignation"]

1. e4 c6 2. Nf3 d5 3. Nc3 Bg4 4. d4 dxe4 5. Nxe4 e6 6. c3 Nd7 7.
Ng3 Ngf6 8. h3 Bxf3 9. Qxf3 Bd6 10. Bd3 O-O 11. O-O Qc7 12. Re1 b5 13. Bd2 a5 14.
Ne4 Nxe4 15. Qxe4 Nf6 16. Qh4 h6 17. Bxh6 gxh6 18. Qxh6 Be7 19. Re3 Rfd8 20. Rg3+ Qxg3 21. fxg3 b4 22. Rf1 1-0